 Dungeon Crawl Stone Soup version 0.27-a0-1256-gced786f65e (webtiles) character file.

Game seed: 12546142121426825197

6574 spiderkeys the Geomancer (level 11, -3/62 HPs)
             Began as a Gargoyle Earth Elementalist on June 11, 2021.
             Was an Initiate of Ashenzari.
             Killed from afar by a fire dragon (63 damage)
             ... with a blast of flame
             ... on level 10 of the Dungeon.
             The game lasted 00:23:54 (13181 turns).

spiderkeys the Geomancer (GrEE)                    Turns: 13181, Time: 00:23:55

Health: -3/62      AC: 22    Str: 11    XL:     11   Next: 1%
Magic:  19/19      EV: 11    Int: 20    God:    Ashenzari [......]
Gold:   568        SH:  5    Dex: 10    Spells: 11/20 levels left

rFire    . . .     SeeInvis +   A - +3 trident (flame)
rCold    . . .     Faith    .   (no shield)
rNeg     + . .     Spirit   .   s - +4 ring mail
rPois    ∞         Reflect  +   I - +0 helmet
rElec    +         Harm     .   N - +0 cloak
rCorr    .         Rampage  .   l - +0 pair of gloves
Will     .....                  (no boots)
Stlth    +.........             x - amulet of the Cursed Scepticism {Reflect SH+5, Elem, Self} (curse)
HPRegen  0.20/turn              v - ring of see invisible
MPRegen  0.16/turn              Y - +4 ring of slaying

@: no status effects
A: sickness immunity, AC +8, negative energy resistance 1, electricity
resistance, torment resistance 1, petrification resistance
a: Renounce Religion, Curse Item, Shatter the Chains


You were on level 10 of the Dungeon.
You worshipped Ashenzari.
Ashenzari was noncommittal.
You visited 1 branch of the dungeon, and saw 10 of its levels.

You collected 568 gold pieces.


Innate Abilities, Weirdness & Mutations

You are immune to sickness and miasma.
Your stone body is resilient. (AC +8)
You are immune to poison.
You resist negative energy. (rN+)
You are resistant to electric shocks. (rElec)
You are resistant to unholy torment.
You are immune to petrification.


   Skills:
 + Level 4.2(4.7) Fighting
 + Level 8.2 Armour
 - Level 3.0 Dodging
 - Level 2.1 Stealth
 - Level 5.0(5.4) Spellcasting
 - Level 9.0 Conjurations
 - Level 3.0 Transmutations
 * Level 11.0(11.5) Earth Magic


You had 11 spell levels left.
You knew the following spells:

 Your Spells              Type           Power      Damage    Failure   Level
l - Lee's Rapid Deconstr  Erth           25%        3d15*     5%          5
w - Stone Arrow           Conj/Erth      92%        3d12      1%          3
z - Sandblast             Erth           100%       2d20      1%          1

Your spell library contained the following spells:

 Spells                   Type           Power      Damage    Failure   Level
 Passwall                 Tmut/Erth      28%        N/A       1%          2
 Beastly Appendage        Tmut           34%        N/A       7%          1
 Wereblood                Tmut           17%        N/A       10%         2
 Petrify                  Tmut/Erth      34%        N/A       12%         4
 Animate Skeleton         Necr           10%        N/A       22%         1
 Apportation              Tloc           10%        N/A       22%         1
 Corona                   Hex            5%         N/A       22%         1
 Pain                     Necr           20%        1d5       22%         1
 Summon Small Mammal      Summ           20%        N/A       22%         1
 Spider Form              Tmut/Pois      5%         N/A       36%         3
 Vampiric Draining        Necr           2%         2d6       56%         3
 Ice Form                 Ice/Tmut       11%        N/A       77%         4
 Animate Dead             Necr           2%         N/A       92%         4
 Agony                    Necr           5%         N/A       99%         5

Inventory:

Hand Weapons
 i - a +4 flail
   (You took it off an orc on level 3 of the Dungeon)
 A - a +3 trident of flaming (weapon)
   (You took it off a gnoll sergeant on level 4 of the Dungeon)
Missiles
 b - 188 stones
 m - 71 sling bullets
 n - 189 arrows
 o - 35 bolts
 p - 60 poisoned darts
 M - 7 boomerangs
Armour
 d - a +1 leather armour of cold resistance
   (You found it on level 5 of the Dungeon)
 l - a +0 pair of gloves (worn)
   (You found it on level 2 of the Dungeon)
 s - a +4 ring mail (worn)
   (You took it off an orc on level 3 of the Dungeon)
 I - a +0 helmet (worn)
   (You found it on level 8 of the Dungeon)
 N - a +0 cloak (worn)
   (You found it on level 10 of the Dungeon)
Magical Staves
 e - a staff of earth {!a}
   (You found it on level 5 of the Dungeon)
Jewellery
 c - a ring of ice
   (You found it on level 6 of the Dungeon)
 f - a ring of protection from fire
   (You found it on level 4 of the Dungeon)
 v - a ring of see invisible (left hand)
   (You found it on level 2 of the Dungeon)
 x - the cursed amulet of the Cursed Scepticism (around neck) {Reflect SH+5, Elem, Self}
   (You took it off a kobold on level 4 of the Dungeon)

   [amulet of reflection]

   It reflects blocked missile attacks.
   It affects your SH (+5).
   It has a curse which improves the following skills: Elements: Fire Magic, Ice
   Magic, Air Magic and Earth Magic.
   Introspection: Fighting and Spellcasting.
 C - a ring of ice
   (You found it on level 6 of the Dungeon)
 D - a +6 ring of dexterity
   (You found it on level 9 of the Dungeon)
 F - a ring of fire
   (You found it on level 3 of the Dungeon)
 Y - a +4 ring of slaying (right hand)
   (You found it on level 4 of the Dungeon)
 Z - a ring of wizardry
   (You found it on level 8 of the Dungeon)
Wands
 u - a wand of paralysis (2)
   (You found it on level 7 of the Dungeon)
 G - a wand of iceblast (9)
   (You found it on level 8 of the Dungeon)
Scrolls
 k - 2 scrolls of silence {!r}
 r - 4 scrolls of teleportation {@r4}
 H - 2 scrolls of identify {@r1}
 J - 4 scrolls of magic mapping {!r}
 K - a scroll of vulnerability {!r!r}
 L - a scroll of fear
Potions
 a - 3 potions of attraction {!q}
 g - a potion of haste {@q3}
 h - 3 potions of might
 j - 3 potions of curing {@q1}
 q - a potion of flight
 t - 2 potions of lignification {!q}
 w - 2 potions of resistance
 y - 3 potions of magic
 z - 4 potions of heal wounds {@q2}
 B - 2 potions of mutation {!q}
 E - 2 potions of brilliance

Dungeon Overview and Level Annotations

Branches:
Dungeon (10/15)            Temple (0/1) D:7            Lair (0/6) D:10
    Orc: D:9-12

Altars:
Ashenzari
Cheibriados
Elyvilon
Fedhas
Nemelex Xobeh
Trog
Uskayaw
Wu Jian
Yredelemnul
The Shining One

Shops:
D:6 ( D:8

= ## #...#.# # .. ###
...#.# #.#.# #.. .....
.§§§. #.# #...#
≈≈≈§..#.# #...#
≈§§§.O#.#######..#
..≈≈...D..§§≈....###.#
>§§§..#.#######......#
.§§§. #@# #<.#####
≈§§. #.# ##..# ≈≈. #.#
#...# .. #.# #...# .
#.######...#
#..........#
####.#.....# #.#.#####
########.#.#


You could see a fire dragon (catching breath) and a two-headed ogre.


Message History

Confirm with . or Enter, or press ? or * to list all spells.
Aiming: Stone Arrow (safe; 1% risk of failure)
Press: ? - help, Shift-Dir - straight line, f - orc warrior
Aim: an orc warrior, wielding a +0 mace and wearing a +0 plate armour (moderately wounded, 76% to hit)
The stone arrow hits the orc warrior!
The orc warrior barely misses you. 😕 MP[-3]
You lost 3 mp, and now have 1/19 mp.
You barely miss the orc warrior. The orc warrior misses you. 😕 MP[+1]
You barely miss the orc warrior.
The orc warrior hits you with a +0 mace. 😕 HP[-2]
You take 2 damage, and now have 57/62 hp.
You hit the orc warrior. You burn the orc warrior.
You kill the orc warrior!
Things that are here:
a +0 mace; a +0 plate armour
Things that are here:
a +0 club; a +0 leather armour Key pressed, stopping explore.
Key pressed, stopping explore.
Things that are here:
a +0 dagger; a +0 robe; 😎 HP[+5] MP[+17]
Your hp is fully restored (62).
Your mp is fully restored (19).
Things that are here:
a +0 dagger; a +0 robe; an orc corpse
n - 189 arrows (gained 26)
Things that are here:
a +0 club; a +0 leather armour
b - 188 stones (gained 16) Key pressed, stopping explore.
J - 4 scrolls of magic mapping {!r} (gained 3)
You now have 568 gold pieces (gained 16).
Key pressed, stopping explore.
You open the door.
There is an open door here.
Key pressed, stopping explore.
You open the door.
There is an open door here.
There is an open door here.
You open the door.
There is an open door here.
Done exploring.
Done exploring.
Unknown command.
Done exploring.
There is an open door here.
There is an open door here.
There is a stone staircase leading down here.
You climb downwards.
There is a stone staircase leading up here.
N - a +0 cloak No target in view!
You start putting on your armour.
You continue putting on your +0 cloak. x4
You finish putting on your +0 cloak.
There is a stone staircase leading up here.
k - 2 scrolls of silence {!r} (gained 1)
y - 3 potions of magic (gained 1)
A fire dragon comes into view.
The fire dragon roars deafeningly!
Found a staircase to the Lair.
Casting: Stone Arrow (safe; 1% risk of failure)
Confirm with . or Enter, or press ? or * to list all spells.
Aiming: Lee's Rapid Deconstruction (dangerous; 5% risk of failure)
Press: ? - help, Dir - move target You cannot affect that.
A staircase to the Lair.
Okay, then.
Aiming: Iceblast
Press: ? - help, Shift-Dir - straight line The mass of ice explodes!
The iceblast engulfs the fire dragon.
The fire dragon is frozen!
You hear two shouts!
You hear a shout!
Aiming: Iceblast
Press: ? - help, Shift-Dir - straight line The mass of ice explodes!
The iceblast engulfs the fire dragon but does no damage.
Aiming: Iceblast
Press: ? - help, Shift-Dir - straight line, f - fire dragon
Aim: a fire dragon (lava, lightly wounded)
The mass of ice explodes!
The iceblast engulfs the fire dragon!
The fire dragon is frozen!
Aiming: Iceblast
Press: ? - help, Shift-Dir - straight line, f/p - fire dragon
Aim: a fire dragon (lava, lightly wounded)
The mass of ice explodes!
The iceblast engulfs the fire dragon!
The fire dragon is frozen!
A two-headed ogre comes into view. It is wielding two +0 giant clubs.
Why would you want to do that? The fire dragon bites you.
The fire dragon claws you but does no damage.
The fire dragon closely misses you. 😕 HP[-2]
You take 2 damage, and now have 60/62 hp.
The fire dragon bites you but does no damage.
The fire dragon closely misses you.
The fire dragon tramples you but does no damage.
The fire dragon breathes flames at you. The blast of flame hits you!!!
Ouch! That really hurt!
You die...

Skill      XL: |  1  2  3  4  5  6  7  8  9 10 |
---------------+-------------------------------+-----
Transmutations | 1 2 3 |  3.0
Earth Magic    | 4 5 6 8 11 | 11.0
Dodging        | 2 3 |  3.0
Armour         | 1 2 3 5 6 8 |  8.2
Spellcasting   | 3 4 5 |  5.0
Conjurations   | 3 5 8 9 |  9.0
Fighting       | 4 |  4.2
Stealth        | |  2.1

Action                   |  1- 3 |  4- 6 |  7- 9 | 10-12 || total
-------------------------+-------+-------+-------+-------++-------
Melee: Dagger            |   104 |   100 |       |       ||   204
       Unarmed           |    11 |       |       |       ||    11
       Flail             |       |    94 |    36 |       ||   130
       Trident           |       |       |   202 |   176 ||   378
 Cast: Sandblast         |    33 |    26 |    23 |       ||    82
       Stone Arrow       |       |       |    21 |    24 ||    45
       Lee's Rapid Decon |       |       |       |     7 ||     7
Invok: Curse Item        |       |       |       |     1 ||     1
Evoke: Wand              |       |       |     3 |     4 ||     7
  Use: Scroll            |       |     4 |     3 |       ||     7
       Potion            |       |       |     1 |       ||     1
 Stab: Sleeping          |       |     2 |       |       ||     2
Armor: Robe              |    44 |       |       |       ||    44
       Ring mail         |    34 |   148 |   200 |   221 ||   603
Dodge: Dodged            |   148 |   150 |   199 |   198 ||   695
Block: Other             |       |       |    87 |    72 ||   159
       Reflection        |       |       |     1 |     2 ||     3

Levels and vault maps discovered:
D:1:      dpeg_arrival_rhombus, layout_basic,
          shapermc_ecumenical_altar_totnotflames
D:2:      layout_basic, supply_closet_lemuel, minmay_misc_feat_columns,
          chequers_serial_rivers_micro_d, minmay_pentomino_z4
D:3:      layout_loops_ring, trog_wizard
D:4:      layout_loops_cross, kennysheep_little_box,
          nicolae_overflow_hidden_temple, uniq_natasha
D:5:      layout_cave_pools, chequers_temple_overflow_minitemple,
          hangedman_decor_peaks_small
D:6:      layout_basic, lemuel_tele_altar, nemelex_xobeh_ov_fountains_minmay,
          chequers_temple_overflow_statue_of_worship, serial_shops, shop
D:7:      layout_gridville, minmay_temple_entry_slanted
D:8:      layout_gridville, serial_shops, kennysheep_mini
D:9:      layout_roguey, serial_aquarium, aquarium_bridge_square
          [aquarium_subvault_wall, aquarium_subvault_window,
          aquarium_subvault_balcony, aquarium_subvault_bridge],
          aquarium_window_fake, aquarium_window_fake, aquarium_window_1,
          aquarium_window_corner, aquarium_view_2a, aquarium_balcony_1a,
          aquarium_pool_corner, uniq_joseph
D:10:     layout_loops_ring, minmay_lair_entry_lava, nicolae_elemental_shop,
          corexii_corridor_pit, uniq_sonja, uniq_josephine

Notes
Turn   | Place    | Note
-------+----------+-------------------------------------------
     0 | D:1      | spiderkeys the Gargoyle Earth Elementalist began the quest
                  | for the Orb.
     0 | D:1      | Reached XP level 1. HP: 10/10 MP: 3/3
     0 | D:1      | magus.rc [v1.9.10]
   486 | D:1      | Reached skill level 1 in Transmutations
   536 | D:1      | Reached XP level 2. HP: 13/15 MP: 5/5
  1132 | D:1      | Reached skill level 4 in Earth Magic
  1133 | D:1      | Reached XP level 3. HP: 13/19 MP: 1/6
  1273 | D:1      | Reached skill level 2 in Dodging
  1753 | D:1      | Found a faded altar of an unknown god.
  2097 | D:2      | Noticed an ogre
  2112 | D:2      | Reached skill level 1 in Armour
  2133 | D:2      | Killed an ogre
  2134 | D:2      | Reached XP level 4. HP: 6/24 MP: 2/8
  2134 | D:2      | Reached XP level 5. HP: 7/28 MP: 2/9
  2868 | D:2      | Reached skill level 2 in Armour
  3053 | D:2      | Reached skill level 2 in Transmutations
  3309 | D:3      | Reached skill level 3 in Spellcasting
  3313 | D:3      | Reached XP level 6. HP: 28/32 MP: 5/10
  3867 | D:3      | Reached skill level 5 in Earth Magic
  4162 | D:3      | Found a bloodstained altar of Trog.
  4165 | D:3      | Noticed a wizard
  4170 | D:3      | Killed a wizard
  4647 | D:4      | Reached skill level 3 in Dodging
  4651 | D:4      | Learned a level 3 spell: Stone Arrow
  4657 | D:4      | Learned a level 5 spell: Lee's Rapid Deconstruction
  4695 | D:4      | Reached skill level 3 in Armour
  4695 | D:4      | Reached XP level 7. HP: 30/36 MP: 12/12
  4719 | D:4      | Noticed Natasha
  4727 | D:4      | Killed Natasha
  4728 | D:4      | Reached skill level 1 in Conjurations
  4739 | D:4      | Noticed Natasha
  4748 | D:4      | Killed Natasha
  5138 | D:4      | Noticed Natasha
  5148 | D:4      | Killed Natasha
  5385 | D:4      | Found a glowing golden altar of the Shining One.
  5543 | D:4      | Reached skill level 2 in Conjurations
  5831 | D:4      | Found a hide-covered altar of Uskayaw.
  6030 | D:5      | Entered Level 5 of the Dungeon
  6130 | D:5      | Reached skill level 3 in Transmutations
  6133 | D:5      | Reached skill level 3 in Conjurations
  6144 | D:5      | Reached XP level 8. HP: 22/41 MP: 13/13
  6252 | D:5      | Reached skill level 4 in Spellcasting
  6266 | D:5      | Reached skill level 6 in Earth Magic
  6403 | D:5      | Reached skill level 4 in Armour
  6520 | D:5      | Reached skill level 4 in Conjurations
  7143 | D:5      | Found a white marble altar of Elyvilon.
  7143 | D:5      | Found a basalt altar of Yredelemnul.
  7151 | D:5      | Found a snail-covered altar of Cheibriados.
  7153 | D:5      | Found a faded altar of an unknown god.
  7155 | D:5      | Found a faded altar of an unknown god.
  7369 | D:6      | Found a sparkling altar of Nemelex Xobeh.
  7435 | D:6      | Reached skill level 5 in Conjurations
  7731 | D:6      | You pick up a book of Cantrips and begin reading...
  7731 | D:6      | You add the spells Corona, Animate Skeleton, Summon Small
                  | Mammal and Apportation to your library.
  7791 | D:6      | Reached skill level 5 in Armour
  7791 | D:6      | Reached XP level 9. HP: 32/45 MP: 16/16
  7890 | D:6      | Found a broken altar of Ashenzari.
  7958 | D:6      | You pick up a book of Necromancy and begin reading...
  7958 | D:6      | You add the spells Pain, Vampiric Draining, Animate Dead
                  | and Agony to your library.
  7966 | D:6      | Found an ornate altar of the Wu Jian Council.
  7967 | D:6      | Found a blossoming altar of Fedhas.
  7967 | D:6      | Found Dixoc's Antique Weapon Emporium.
  8126 | D:6      | Reached skill level 7 in Earth Magic
  8427 | D:6      | Became a worshipper of Ashenzari the Shackled
  8517 | D:7      | Reached skill level 5 in Spellcasting
  8517 | D:7      | Reached skill level 6 in Conjurations
  9038 | D:7      | Reached skill level 7 in Conjurations
  9311 | D:7      | Found a staircase to the Ecumenical Temple.
  9436 | D:7      | Reached skill level 6 in Armour
  9442 | D:7      | Reached skill level 8 in Earth Magic
  9451 | D:7      | Reached skill level 8 in Conjurations
  9452 | D:7      | HP: 2/45 [yak (12)]
  9663 | D:7      | Reached XP level 10. HP: 40/50 MP: 17/17
  9813 | D:6      | HP: 9/50 [killer bee (6)]
 10121 | D:7      | You pick up a book of Changes and begin reading...
 10121 | D:7      | You add the spells Beastly Appendage, Wereblood, Spider
                  | Form and Ice Form to your library.
 10377 | D:7      | Identified the +1 ring mail "Rouweton" {Int+4}
 10656 | D:8      | Reached skill level 7 in Armour
 10962 | D:8      | Noticed a two-headed ogre
 10967 | D:8      | Killed a two-headed ogre
 10968 | D:8      | Reached skill level 1 in Fighting
 10968 | D:8      | Reached skill level 9 in Conjurations
 10968 | D:8      | Reached skill level 9 in Earth Magic
 11055 | D:8      | Reached skill level 2 in Fighting
 11461 | D:8      | Found Zubesab's Jewellery Shoppe.
 11830 | D:9      | Reached skill level 10 in Earth Magic
 12163 | D:9      | Reached skill level 3 in Fighting
 12275 | D:9      | Noticed a two-headed ogre
 12283 | D:9      | Killed a two-headed ogre
 12284 | D:9      | Reached skill level 8 in Armour
 12420 | D:9      | Noticed Joseph
 12423 | D:9      | Killed Joseph
 12424 | D:9      | Reached skill level 4 in Fighting
 12843 | D:9      | Reached skill level 11 in Earth Magic
 12903 | D:9      | Reached XP level 11. HP: 60/62 MP: 13/19
 13132 | D:10     | Entered Level 10 of the Dungeon
 13172 | D:10     | Found a staircase to the Lair.
 13172 | D:10     | Noticed a fire dragon
 13176 | D:10     | Noticed a two-headed ogre
 13181 | D:10     | Killed from afar by a fire dragon

Vanquished Creatures
  2 two-headed ogres
  Joseph (D:9)
  A wyvern (D:7)
  A wraith (D:9)
  5 yaks (D:7)
  A steam dragon (D:8)
  2 ice beasts (D:6)
  3 orc warriors
  A sky beast (D:6)
  An ogre (D:2)
  4 centaurs
  4 kobold brigands
  2 bullfrogs
  3 gnoll sergeants
  2 wyvern zombies
  4 scorpions
  10 killer bees
  5 howler monkeys
  3 centaur zombies
  A bullfrog zombie (D:6)
  A bullfrog skeleton (D:4)
  5 hounds
  A jelly (D:3)
  3 centaur skeletons
  3 orc priests
  10 orc wizards
  Natasha (thrice) (D:4)
  An iguana (D:5)
  A scorpion zombie (D:5)
  2 killer bee zombies (D:8)
  A hound skeleton (D:5)
  9 adders
  13 gnolls
  A howler monkey skeleton (D:7)
  A white imp (D:6)
  3 ufetubi
  2 worms
  A dart slug (D:1)
  32 orcs
  12 ball pythons
  10 bats
  8 endoplasms
  2 giant cockroaches
  6 goblins
  3 hobgoblins
  12 jackals
  6 quokkas
  A frilled lizard (D:3)
  23 kobolds
  6 rats
238 creatures vanquished.

Vanquished Creatures (others)
  A wizard (D:3)
  2 orc wizards (D:9)
3 creatures vanquished.

Grand Total: 241 creatures vanquished

Table legend:
 A = Non-vault XP
 B = Vault XP
 C = Vault XP percentage of total XP
 D = Non-vault monster count
 E = Vault monster count
 F = Vault count percentage of total count
                 A         B        C        D         E       F
            +---------+---------+-------+---------+---------+-------
      Total |    8792 |     600 |   6.4 |     233 |       5 |   2.1
            +---------+---------+-------+---------+---------+-------
        D:1 |      57 |       0 |   0.0 |      31 |       0 |   0.0
        D:2 |      92 |     119 |  56.4 |      18 |       3 |  14.3
        D:3 |     194 |       0 |   0.0 |      25 |       0 |   0.0
        D:4 |     465 |      36 |   7.2 |      28 |       1 |   3.4
        D:5 |     904 |       0 |   0.0 |      24 |       0 |   0.0
        D:6 |    1184 |       0 |   0.0 |      23 |       0 |   0.0
        D:7 |    1976 |       0 |   0.0 |      20 |       0 |   0.0
        D:8 |    1969 |       0 |   0.0 |      39 |       0 |   0.0
        D:9 |    1951 |     445 |  18.6 |      25 |       1 |   3.8
            +---------+---------+-------+---------+---------+-------

Illustrated notes

Table legend:
 A = Kills in this place as a percentage of kills in entire the game.
 B = Kills by you in this place as a percentage of kills by you in the entire game.
 C = Kills by friends in this place as a percentage of kills by friends in the entire game.
 D = Other kills in this place as a percentage of other kills in the entire game.
 E = Experience gained in this place as a percentage of experience gained in the entire game.
 F = Experience gained in this place divided by the number of levels of this place that you have seen.
                   A       B       C       D       E      F
               +-------+-------+-------+-------+-------+----------------------
         Total | 100.0 | 100.0 |   N/A |   N/A | 100.0 | 939.2
       Dungeon | 100.0 | 100.0 |   N/A |   N/A | 100.0 | 939.2
               +-------+-------+-------+-------+-------+----------------------

Table legend: (Time is in decaauts)
 A = Elapsed time spent in this place.
 B = Non-inter-level travel time spent in this place.
 C = Inter-level travel time spent in this place.
 D = Time resting spent in this place.
 E = Time spent auto-exploring this place.
 F = Levels seen in this place.
 G = Mean time per level.
                   A        B        C        D        E       F      G
               +--------+--------+--------+--------+--------+-----+--------+
         Total |  13348 |  12805 |    543 |    948 |   9662 |  10 | 1334.8 |
       Dungeon |  13348 |  12805 |    543 |    948 |   9662 |  10 | 1334.8 |
               +--------+--------+--------+--------+--------+-----+--------+

Top non-repeatable levels by time:
     D:1: 1917 daAuts
     D:4: 1798 daAuts
     D:6: 1652 daAuts
     D:7: 1607 daAuts
     D:9: 1398 daAuts
     D:2: 1359 daAuts
     D:8: 1254 daAuts
     D:3: 1208 daAuts
     D:5: 1104 daAuts
    D:10: 48 daAuts
